 Dungeon Crawl Stone Soup version 0.16.1-7-g2c6721e (webtiles) character file.

51 Inchmeat the Firebug (level 3, -1/24 HPs)
             Began as a Demonspawn Fire Elementalist on Mar 29, 2015.
             Slain by a worker ant (7 damage)
             ... on level 1 of the Dungeon.
             The game lasted 00:06:10 (1538 turns).

Inchmeat the Firebug (Demonspawn Fire Elementalist) Turns: 1538, Time: 00:06:10

Health: -1/24      AC:  2    Str:  9    XL:     3   Next: 57%
Magic:  0/6        EV: 12    Int: 16    God:
Gold:   51         SH:  0    Dex: 13    Spells: 3 memorised, 0 levels left

rFire  + . .     SeeInvis .     e - +0 hand axe
rCold  . . .     Clarity  .     a - +0 robe
rNeg   . . .     SustAb   .     (no shield)
rPois  .         Gourm    .     (no helmet)
rElec  .         Spirit   .     (no cloak)
rCorr  .         Warding  .     (no gloves)
rMut   .         Stasis   .     (no boots)
MR     .....                    (no amulet)
Stlth  ++........               (no ring)
                                (no ring)

@: lethally poisoned (-1 -> -6), about to teleport, very slightly contaminated,
not resistant to hostile enchantments, unstealthy
A: fire resistance 1, flame cloud immunity
a: no special abilities


You were on level 1 of the Dungeon.
You were not hungry.

You visited 1 branch of the dungeon, and saw 3 of its levels.

You collected 51 gold pieces.

Inventory:

Hand weapons
 e - a +0 hand axe (weapon)
Armour
 a - a +0 robe (worn)
Scrolls
 d - 2 scrolls of amnesia {unknown}
 f - a scroll of teleportation
 g - a scroll of identify {unknown}
Books
 b - a book of Flames

   Spells                             Type                      Level
   a - Flame Tongue                   Conjuration/Fire             1
   b - Throw Flame                    Conjuration/Fire             2
   c - Conjure Flame                  Conjuration/Fire             3
   d - Inner Flame                    Hexes/Fire                   3
   e - Sticky Flame                   Conjuration/Fire             4
   f - Fireball                       Conjuration/Fire             5


   Skills:
 - Level 1.7 Dodging
 - Level 1.7 Stealth
 + Level 2.3 Spellcasting
 + Level 1.4 Conjurations
 + Level 3.8 Fire Magic


You couldn't memorise any spells.
You knew the following spells:

 Your Spells              Type           Power        Failure   Level  Hunger
a - Flame Tongue          Conj/Fire      ##...        10%         1    #......
b - Conjure Flame         Conj/Fire      ##......     21%         3    ###....
c - Throw Flame           Conj/Fire      ##....       12%         2    ###....


Dungeon Overview and Level Annotations

Branches:
Dungeon (3/15)

Altars:
Elyvilon


Innate Abilities, Weirdness & Mutations

Your flesh is heat resistant.
You are immune to clouds of flame.


Message History

Aim: a worker ant The flame tongue hits the worker ant.
The worker ant is lightly wounded.
The worker ant barely misses you.
Casting: Flame Tongue
Confirm with . or Enter, or press ? or * to list all spells.
You don't have enough magic to cast that spell.
Unknown command.
You feel sick.
You barely miss the worker ant.
The worker ant is lightly wounded.
The worker ant bites you. The worker ant barely misses you.
You completely miss the worker ant.
The worker ant is lightly wounded.
You feel sick. The worker ant bites you.
* * * LOW HITPOINT WARNING * * *
Read which item? (? for menu, Esc to quit)
As you read the scroll of teleportation, it crumbles to dust.
You feel strangely unstable. The worker ant bites you!
You die...

.########........................
.#<###.>#........................
.##.##.##........................
.##....##.#........#.............
.#.#...##..........##........)...
.##...###...........#......#.....
.###...##.............###########
.#....###............####
.#....###.......@a......#########
.###..#.#........g..##.........>.
.# #...##.#........##............
.###...##..........#..)..........
.................................
................##.#.............
............#....#.#.............
..##..........#..................
#.##..........#..###>............


You could see a worker ant and a goblin.

Vanquished Creatures
  3 adders
  2 giant geckos
  A ball python (D:1)
  7 hobgoblins
  2 kobolds
  3 bats (D:1)
  A giant newt (D:1)
  3 rats
22 creatures vanquished.

Notes
Turn   | Place    | Note
--------------------------------------------------------------
     0 | D:1      | Inchmeat, the Demonspawn Fire Elementalist, began the quest for the Orb.
     0 | D:1      | Reached XP level 1. HP: 13/13 MP: 3/3
   133 | D:1      | Reached skill level 3 in Fire Magic
   325 | D:1      | Gained mutation: Your flesh is heat resistant. [demonic ancestry]
   325 | D:1      | Reached XP level 2. HP: 19/19 MP: 1/4
   974 | D:2      | Found a white marble altar of Elyvilon.
   989 | D:2      | Gained mutation: You are immune to clouds of flame. [demonic ancestry]
   989 | D:2      | Reached XP level 3. HP: 24/24 MP: 4/6
  1044 | D:2      | Learned a level 3 spell: Conjure Flame
  1047 | D:2      | Learned a level 2 spell: Throw Flame
  1538 | D:1      | Slain by a worker ant

Action                   || total
-------------------------++-------
Melee: Hand axe          ||    14
 Cast: Flame Tongue      ||    35
       Throw Flame       ||     5
       Conjure Flame     ||     2
  Use: Scroll            ||     3
  Eat: Bread ration      ||     1
